 Dungeon Crawl Stone Soup version 0.22-a0-398-g8bb545f033 (webtiles) character file.

866 MirrMurr the Poker (level 7, -2/93 HPs)
             Began as a Centaur Berserker on May 5, 2018.
             Was a Priest of Trog.
             Slain by an unseen horror (3 damage)
             ... on level 5 of the Dungeon.
             The game lasted 00:09:30 (4095 turns).

MirrMurr the Poker (Centaur Berserker)              Turns: 4095, Time: 00:09:31

Health: -2/93      AC:  6    Str: 27    XL:     7   Next: 72%
Magic:  7/7        EV:  9    Int:  6    God:    Trog [***...]
Gold:   165        SH:  0    Dex:  8    Spells: 6/6 levels left

rFire    . . .     SeeInvis .   a - +0 trident
rCold    . . .     Gourm    .   (no shield)
rNeg     . . .     Faith    .   o - +1 ring mail
rPois    .         Spirit   .   (no helmet)
rElec    .         Reflect  .   (no cloak)
rCorr    .         Harm     .   (no gloves)
MR       .....                  (no barding)
Stlth    ..........             (no amulet)
HPRegen  0.25/turn              (no ring)
MPRegen  0.10/turn              (no ring)

@: berserking, very quick
A: large, hooves 3, deformed body, speed 2, tough skin 3
a: Berserk, Trog's Hand, Renounce Religion


You were on level 5 of the Dungeon.
You worshipped Trog.
Trog was most pleased with you.
You were not hungry.

You visited 1 branch of the dungeon, and saw 5 of its levels.

You collected 165 gold pieces.

Inventory:

Hand Weapons
 a - a +0 trident (weapon)
Missiles
 d - 124 stones (quivered)
 i - 12 sling bullets
 l - 63 arrows
Armour
 o - a +1 ring mail (worn)
Jewellery
 n - an uncursed ring of protection from magic {unknown}
Wands
 f - a wand of random effects (39)
 j - a wand of paralysis (11)
Scrolls
 r - a scroll of teleportation
Potions
 b - a potion of degeneration {unknown}
 e - a potion of curing
 g - a potion of might
 k - a potion of haste
 m - a potion of agility
 p - a potion of mutation {unknown}
Comestibles
 c - 9 rations
 h - a chunk of flesh


   Skills:
 + Level 5.8 Fighting
 * Level 7.1 Polearms
 - Level 1.3 Armour
 - Level 1.3 Dodging


You had 6 spell levels left.
You didn't know any spells.

Dungeon Overview and Level Annotations

Branches:
Dungeon (5/15)
 Temple: D:4-7

Altars:
Ashenzari
Cheibriados
Nemelex Xobeh
Okawaru
Wu Jian
Xom

Annotations:
D:5 Menkaure


Innate Abilities, Weirdness & Mutations

You have hooves in place of feet.
Armour fits poorly on your strangely shaped body.
You cover ground very quickly.
You have extremely tough skin. (AC +3)


Message History

The centaur is heavily wounded.
Something hits you but does no damage.
The centaur hits you but does no damage.
Something hits you.
* * * LOW HITPOINT WARNING * * *
The centaur hits you.
* * * LOW HITPOINT WARNING * * *
A red film seems to cover your vision as you go berserk!
You feel yourself moving faster!
You feel mighty!
You feel quite a bit more hungry. Something hits you!
* * * LOW HITPOINT WARNING * * *
The centaur hits you.
* * * LOW HITPOINT WARNING * * *
You hit the centaur.
You kill the centaur!
Trog accepts your kill.
Your Polearms skill increases to level 7!
You see here an arrow.
You hit something. You kick something!! Something hits you.
You die...

**,*,***,*,*,*,*,**#..,,.>.,*
,,,,,**,*,⌠,*,⌠,*,*#.#**#.#**
,*******,*,*,*,*,**#.# #.# ,*
*,⌠,*,,,*,⌠,*#.# #<# ,*
**,*,⌠,⌠,*,**#.####.####### ,*
***,,,_,,,** #.#...........
,******,**,⌠,⌠,*####.#.##.######.
,**,,,,,*******##(.....##.# **,
,**,***,,* **,*#@###.#.##.#* **,,
,*,,,**,,***,,,#{# ###.##..***,*,
,,,*,,,,,.......)# #.###.**,***
,,,,,**,*###...### #.# *..,** *
,***,**,***##.#* #.# *##*,*** ,*
*,**,,,,*#.* #.# **,*,
,***,*****,*#,* *.#*******,,
,,,,,****,,,*,****** *,,,,,,,,,,,
**,,,,,,,,,,,,,,,,,* **********,*


There were no monsters in sight!

Vanquished Creatures
  The ghost of dricus the Spear-Bearer, a novice MfSk (D:4)
  Sigmund (D:3)
  A centaur (D:5)
  2 crimson imps (D:5)
  A hound (D:4)
  An orc priest (D:3)
  An orc wizard (D:4)
  Terence (D:3)
  4 gnolls (D:4)
  2 adders (D:3)
  A worm (D:3)
  A dart slug (D:4)
  A leopard gecko (D:5)
  10 orcs
  5 giant cockroaches
  4 goblins
  8 hobgoblins
  12 jackals
  2 quokkas (D:4)
  2 ball pythons
  5 bats
  5 frilled lizards
  9 kobolds
  3 rats
83 creatures vanquished.

Notes
Turn   | Place    | Note
-------+----------+-------------------------------------------
     0 | D:1      | MirrMurr the Centaur Berserker began the quest for the Orb.
     0 | D:1      | Reached XP level 1. HP: 19/19 MP: 1/1
   253 | D:1      | Reached skill level 3 in Polearms
   288 | D:1      | Reached XP level 2. HP: 26/26 MP: 2/2
   877 | D:2      | Reached ** piety under Trog
  1377 | D:3      | Reached XP level 3. HP: 24/31 MP: 3/3
  1546 | D:3      | Reached skill level 4 in Polearms
  1556 | D:3      | Reached XP level 4. HP: 2/40 MP: 4/4
  1556 | D:3      | HP: 1/40 [poisoned by an adder]
  1861 | D:3      | Noticed Sigmund
  1943 | D:3      | Killed Sigmund
  1943 | D:3      | Reached skill level 5 in Polearms
  1943 | D:3      | Reached XP level 5. HP: 22/47 MP: 5/5
  2216 | D:3      | Found an ornate altar of the Wu Jian Council.
  2251 | D:3      | Reached XP level 6. HP: 52/53 MP: 6/6
  2348 | D:3      | Noticed Terence
  2376 | D:3      | Killed Terence
  2746 | D:4      | Found a snail-covered altar of Cheibriados.
  2798 | D:4      | Found a sparkling altar of Nemelex Xobeh.
  3106 | D:4      | Found an iron altar of Okawaru.
  3193 | D:4      | Noticed dricus's ghost (novice MfSk)
  3351 | D:4      | Killed dricus's ghost
  3351 | D:4      | Reached *** piety under Trog
  3351 | D:4      | Reached skill level 5 in Fighting
  3351 | D:4      | Reached skill level 6 in Polearms
  3351 | D:4      | Reached XP level 7. HP: 61/61 MP: 7/7
  3734 | D:4      | Found a shimmering altar of Xom.
  3867 | D:5      | Entered Level 5 of the Dungeon
  3942 | D:5      | Found a shattered altar of Ashenzari.
  3943 | D:5      | Noticed Menkaure
  4092 | D:5      | HP: 4/93 [something (8)]
  4092 | D:5      | HP: 1/93 [centaur (3)]
  4093 | D:5      | Reached skill level 7 in Polearms
  4095 | D:5      | Slain by an unseen horror

Vault maps used:
D:1:      nzn_arrival_water_spiral, lemuel_old_faithful
D:2:      first_ration, minmay_liquid_box, kennysheep_big_empty_room
D:3:      old_standard_altar, uniq_sigmund, uniq_terence
D:4:      nemelex_xobeh_ov_fountains_minmay, kennysheep_slug_shrine,
          lemuel_coloured_pillars_altar, marbit_many_paths
D:5:      kennysheep_vampire_church, lemuel_crystal_altar,
          hangedman_feature_mirror, minmay_misc_feat_secret_circle,
          uniq_menkaure

Skill      XL: |  1  2  3  4  5  6  7 |
---------------+----------------------+-----
Polearms       | 3 4 5 6 7 |  7.1
Fighting       | 4 5 |  5.8
Armour         | |  1.3
Dodging        | |  1.3

Action                   |  1- 3 |  4- 6 |  7- 9 || total
-------------------------+-------+-------+-------++-------
Melee: Spear             |    72 |       |       ||    72
       Kick              |    17 |    17 |     4 ||    38
       Trident           |    46 |   181 |    27 ||   254
Invok: Berserk           |     1 |     4 |     2 ||     7
       Trog's Hand       |       |     4 |     1 ||     5
  Use: Scroll            |     2 |     5 |     4 ||    11
       Potion            |       |     3 |       ||     3
  Eat: Chunk             |     1 |    10 |     2 ||    13
       Ration            |       |       |     1 ||     1
Armor: Animal skin       |    19 |       |       ||    19
       Leather armour    |    15 |    19 |       ||    34
       Ring mail         |       |    24 |    10 ||    34
Dodge: Dodged            |    49 |    68 |     7 ||   124

Table legend:
 A = Spawn XP
 B = Non-spawn XP
 C = Spawn XP percentage of total XP
 D = Spawn monster count
 E = Non-spawn monster count
 F = Spawn count percentage of total count
 G = Total turns spent on level
                    A         B        C        D         E        F      G
               +---------+---------+-------+---------+---------+-------+---------
         Total |       0 |    1238 |   0.0 |       0 |      83 |   0.0 |  4095
               +---------+---------+-------+---------+---------+-------+---------
           D:1 |       0 |      16 |   0.0 |       0 |      10 |   0.0 |   723
           D:2 |       0 |      35 |   0.0 |       0 |      20 |   0.0 |  1206
           D:3 |       0 |     395 |   0.0 |       0 |      33 |   0.0 |   753
           D:4 |       0 |     578 |   0.0 |       0 |      16 |   0.0 |  1328
           D:5 |       0 |     214 |   0.0 |       0 |       4 |   0.0 |    85
               +---------+---------+-------+---------+---------+-------+---------
